 Dungeon Crawl Stone Soup version 0.30-a0-630-g881e3bac89 (webtiles) character file.

Game seed: 8789698317725233228

1323 Rrauwl the Carver (level 8, 0/109 HPs)
             Began as an Armataur Fighter on Jan 13, 2023.
             Was a Believer of Okawaru.
             Succumbed to a water moccasin's poison
             ... on level 7 of the Dungeon.
             The game lasted 00:20:45 (6010 turns).

Rrauwl the Carver (Armataur Fighter)                Turns: 6010, Time: 00:20:46

Health: 0/109      AC:  7    Str: 26    XL:     8   Next: 33%
Magic:  7/7        EV:  7    Int:  7    God:    Okawaru [**....]
Gold:   1264       SH:  5    Dex: 13    Spells: 4/7 levels left

rFire   + . .      SeeInvis .    a - +0 long sword
rCold   + . .      Faith    +    c - +0 buckler
rNeg    . . .      Spirit   .    h - +0 scale mail
rPois   .          Reflect  .    (helmet restricted)
rElec   +          Harm     .    e - scarf {rC+ rF+}
rCorr   .          Roll     +    (no gloves)
Will    +....                    (no barding) Stlth
                                 t - amulet of faith
HPRegen 0.38/turn                A - ring of willpower
MPRegen 0.10/turn                f - ring of flight

@: berserking, lethally poisoned (0 -> -21), flying, very quick
A: large, rugged brown scales 3, deformed body, armoured tail, roll, long
tongue, awkward tongue, hooves 1, horns 1, stinger 1, agile 1, low MP 1, robust
1, electricity resistance, strong 1
a: Renounce Religion, Heroism


You were on level 7 of the Dungeon.
You worshipped Okawaru.
Okawaru was pleased with you.
You visited 2 branches of the dungeon, and saw 8 of its levels.

You collected 1285 gold pieces.
You spent 21 gold pieces at shops.

Inventory:

Hand Weapons
 a - a +0 long sword (weapon)
 b - a +0 sling of chaos
 x - the +7 broad axe "Leviticus" {freeze, Drain rC+++ MP+9 Int+6}
   (You found it on level 5 of the Dungeon)

   Int:       It affects your intelligence (+6).
   rC:        It renders you almost immune to cold.
   MP:        It affects your magic capacity (+9).
   Drain:     It drains your maximum health when unequipped.
Armour
 c - a +0 buckler (worn)
 e - a scarf of resistance (worn)
 h - a +0 scale mail (worn)
 k - a +2 helmet of see invisible
Jewellery
 f - a ring of flight (right hand)
 i - a ring of wizardry
 m - an amulet of the acrobat
 q - a ring of wizardry
 t - an amulet of faith (around neck)
 y - an amulet of guardian spirit
 A - a ring of willpower (left hand)
Wands
 r - a wand of quicksilver (2)
Scrolls
 g - 8 scrolls of teleportation
 j - a scroll of magic mapping
 u - 2 scrolls of amnesia
Potions
 d - a potion of might
 l - a potion of berserk rage
 n - a potion of cancellation
 o - a potion of brilliance
 s - 2 potions of lignification {unknown}
 v - a potion of degeneration {unknown}
 z - a potion of flight {unknown}


   Skills:
 - Level 3.0 Fighting
 + Level 9.2 Long Blades
 - Level 4.0 Armour
 - Level 4.0 Shields


You had 4 spell levels left.
You knew the following spells:

 Your Spells              Type           Power      Damage    Failure   Level
a - Apportation           Tloc           0%         N/A       77%         1
b - Passwall              Tmut/Erth      0%         N/A       88%         2

Your spell library contained the following spells:

 Spells                   Type           Power      Damage    Failure   Level
 Necrotise                Necr           0%         1d4       77%         1
 Sandblast                Erth           0%         2d4       77%         1
 Cigotuvi's Dreadful Rot  Necr/Pois/Air  0%         N/A       88%         2
 Sublimation of Blood     Necr           0%         N/A       88%         2
 Hailstorm                Conj/Ice       0%         3d3       98%         3
 Stone Arrow              Conj/Erth      0%         3d7       98%         3
 Vampiric Draining        Necr           0%         2d6       98%         3
 Dispel Undead            Necr           0%         3d6       100%        4
 Ice Form                 Ice/Tmut       0%         N/A       100%        4
 Petrify                  Tmut/Erth      0%         N/A       100%        4
 Agony                    Necr           0%         N/A       100%        5
 Irradiate                Conj/Tmut      0%         3d11      100%        5
 Summon Small Mammal      Summ           Unusable   N/A       N/A         1
 Death Channel            Necr           Unusable   N/A       N/A         6
 Simulacrum               Ice/Necr       Unusable   N/A       N/A         6

Dungeon Overview and Level Annotations

Branches:
Dungeon (7/15)             Temple (1/1) D:4

Altars:
Ashenzari
Cheibriados
Dithmenos
Fedhas
Hepliaklqana
Kikubaaqudgha
Makhleb
Nemelex Xobeh
Okawaru
Qazlal
Ru
Sif Muna
Trog
Uskayaw
Vehumet
Wu Jian
Xom
Yredelemnul
Zin
The Shining One

Shops:
D:7 *


Innate Abilities, Weirdness & Mutations

You are completely covered in rugged brown scales. (AC +3, +7% HP)
Armour fits poorly on your strangely shaped body.
You have a long armoured tail.
You roll when moving toward enemies. (Rampage)
Your long tongue fully drains potion bottles. (2x potion effects)
Your tongue gives you trouble enunciating. (1.5x scroll delay)
You have large cloven feet.
You have a pair of small horns on your head.
Your tail ends in a venomous barb.
You are agile. (Dex +4, Str/Int -1)
Your magical capacity is low. (-10% MP)
You are robust. (+10% HP)
You are resistant to electric shocks. (rElec)
Your muscles are strong. (Str +4, Int/Dex -1)


Message History

* * * LOW HITPOINT WARNING * * *
You are lethally poisoned!
The water moccasin poisons you!
You slurp down every last drop of the 2 potions of berserk rage!
A red film seems to cover your vision as you go berserk!
You feel yourself moving faster!
You feel mighty!
You feel very sick.
The bullfrog hits you but does no damage.
The water moccasin bites you!
* * * LOW HITPOINT WARNING * * *
You are lethally poisoned!
The water moccasin poisons you!
The bullfrog hits you but does no damage.
The water moccasin bites you but does no damage.
You miss the water moccasin. You headbutt the water moccasin!
Your tail-slap misses the water moccasin.
The water moccasin is heavily wounded.
* * * LOW HITPOINT WARNING * * *
You feel very sick. The bullfrog hits you.
* * * LOW HITPOINT WARNING * * *
The water moccasin barely misses you.
You closely miss the water moccasin. Your kick misses the water moccasin.
You headbutt the water moccasin!
The water moccasin is severely wounded.
* * * LOW HITPOINT WARNING * * *
You feel very sick.
The bullfrog hits you but does no damage.
You block the water moccasin's attack.
You miss the water moccasin. You kick the water moccasin!
You kill the water moccasin!
Okawaru accepts your kill.
* * * LOW HITPOINT WARNING * * *
You feel very sick. The bullfrog hits you.
* * * LOW HITPOINT WARNING * * *
Your Long Blades skill increases to level 9!
You slash the bullfrog! You kick the bullfrog.
The bullfrog is severely wounded.
You die...

..#####..####
##.......... .....#..###
#.......... ####.#..###
####§......... #.##.§§#
#§§§..##....##
#..###§###§§#######....#
#....§§§☼§§## ##....
#.###.§§§§§§# ##.).
###†F§#.# ##..
#§@#.....# #.#
#§§###.##.># .... #§# <#
.# ...#.# §§§ .#
....###.# #### .. .# #..
.# ## .#


You could see a bullfrog.

Vanquished Creatures
  2 water moccasins (D:7)
  A sky beast (D:6)
  A black bear (D:6)
  2 ogres (D:5)
  A phantom (D:3)
  A bullfrog (D:7)
  A necrophage (D:7)
  A howler monkey (D:4)
  3 hounds (D:6)
  An orc priest (D:6)
  A jelly (D:4)
  4 iguanas
  An orc wizard (D:4)
  A gnoll (D:1)
  8 adders
  A shadow imp (D:6)
  A white imp (D:6)
  5 ufetubi
  3 dart slugs
  17 orcs
  9 ball pythons
  11 endoplasms
  5 giant cockroaches
  7 goblins
  7 hobgoblins
  2 jackals (D:3)
  4 quokkas
  A bat (D:1)
  7 frilled lizards
  10 kobolds
  9 rats
128 creatures vanquished.

Vanquished Creatures (collateral kills)
  An orc (D:3)
  A goblin (D:3)
2 creatures vanquished.

Vanquished Creatures (others)
  2 orcs (D:4)
  A ball python zombie (D:3)
3 creatures vanquished.

Grand Total: 133 creatures vanquished

Notes
Turn   | Place    | Note
-------+----------+-------------------------------------------
     0 | D:1      | Rrauwl the Armataur Fighter began the quest for the Orb.
     0 | D:1      | Reached XP level 1. HP: 19/19 MP: 1/1
   104 | D:1      | Reached skill level 2 in Long Blades
   104 | D:1      | Reached XP level 2. HP: 26/26 MP: 2/2
   331 | D:1      | Identified a scroll of acquirement
   331 | D:1      | Acquired 891 gold pieces
   388 | D:1      | Reached XP level 3. HP: 21/33 MP: 3/3
  1423 | D:3      | Reached skill level 3 in Long Blades
  1424 | D:3      | Noticed a phantom
  1467 | D:3      | Reached XP level 4. HP: 25/40 MP: 4/4
  1483 | D:3      | Killed a phantom
  1484 | D:3      | Reached skill level 4 in Long Blades
  1484 | D:3      | Reached XP level 5. HP: 26/48 MP: 5/5
  1713 | D:3      | Gained mutation: You sometimes lose your temper in combat.
                  | [potion of mutation]
  1713 | D:3      | Gained mutation: You are covered in fur. (AC +1) [potion of
                  | mutation]
  1713 | D:3      | Gained mutation: Your spells are a little harder to cast,
                  | but a little more powerful. [potion of mutation]
  2348 | D:4      | HP: 2/48 [iguana (12)]
  2552 | D:4      | Reached skill level 5 in Long Blades
  2715 | D:4      | Lost mutation: You sometimes lose your temper in combat.
                  | [potion of mutation]
  2715 | D:4      | Lost mutation: Your spells are a little harder to cast, but
                  | a little more powerful. [potion of mutation]
  2715 | D:4      | Lost mutation: You are covered in fur. (AC +1) [potion of
                  | mutation]
  2715 | D:4      | Gained mutation: Your magical capacity is low. (-10% MP)
                  | [potion of mutation]
  2715 | D:4      | Gained mutation: Your muscles are strong. (Str +4, Int/Dex
                  | -1) [potion of mutation]
  2715 | D:4      | Gained mutation: You have large cloven feet. [potion of
                  | mutation]
  2715 | D:4      | Gained mutation: You have hidden genetic potential. [potion
                  | of mutation]
  2715 | D:4      | Gained mutation: You are robust. (+10% HP) [potion of
                  | mutation]
  2715 | D:4      | Gained mutation: Your tail ends in a venomous barb. [potion
                  | of mutation]
  2715 | D:4      | Gained mutation: You are resistant to electric shocks.
                  | (rElec) [potion of mutation]
  2828 | D:4      | Reached XP level 6. HP: 59/59 MP: 5/5
  3212 | D:4      | Gained mutation: You are agile. (Dex +4, Str/Int -1)
                  | [hidden potential]
  3233 | D:4      | Found a staircase to the Ecumenical Temple.
  3240 | Temple   | Entered the Ecumenical Temple
  3301 | Temple   | Became a worshipper of Warmaster Okawaru
  3518 | D:5      | Entered Level 5 of the Dungeon
  3567 | D:5      | Reached skill level 6 in Long Blades
  3603 | D:5      | Reached XP level 7. HP: 10/66 MP: 6/6
  3688 | D:5      | Reached * piety under Okawaru
  4307 | D:5      | Identified the +7 broad axe "Leviticus" {freeze, Drain
                  | rC+++ MP+9 Int+6}
  4579 | D:6      | Reached skill level 7 in Long Blades
  4580 | D:6      | Gained mutation: You have a pair of small horns on your
                  | head. [hidden potential]
  4580 | D:6      | Lost mutation: You have hidden genetic potential. [hidden
                  | potential expressed]
  5218 | D:6      | Found a sparkling altar of Nemelex Xobeh.
  5495 | D:6      | Reached skill level 8 in Long Blades
  5897 | D:7      | Learned a level 1 spell: Apportation
  5900 | D:7      | Learned a level 2 spell: Passwall
  5935 | D:7      | Reached ** piety under Okawaru
  5936 | D:7      | Reached XP level 8. HP: 68/73 MP: 7/7
  5972 | D:7      | Found Anisozeff's Assorted Antiques.
  5981 | D:7      | Bought a metallic white potion for 21 gold pieces
  6009 | D:7      | HP: 4/109 [poisoned by a water moccasin]
  6010 | D:7      | Reached skill level 9 in Long Blades
  6010 | D:7      | Succumbed to a water moccasin's poison

Illustrated notes

Levels and vault maps discovered:
D:1:      onia_arrival_handbag, layout_loops_ring, minmay_distorted
D:2:      layout_loops_cross, serial_park_tiny_pond, corexii_hall_statues_l,
          minmay_diced_spiral
D:3:      layout_basic, minmay_misc_feat_five
D:4:      layout_basic, temple_green
D:5:      layout_loops_ring
D:6:      layout_layer_cave, mainiacjoe_overflow_surrounded_room
D:7:      layout_rooms, serial_shops, nicolae_shop_stone, nicolae_square_shop
Temple:   nicolae_temple_bog_church

Skill      XL: |  1  2  3  4  5  6  7  8 |
---------------+-------------------------+-----
Long Blades    | 2 3 4 5 6 8 9 |  9.2
Armour         | 4 |  4.0
Fighting       | 3 |  3.0
Shields        | 4 |  4.0

Action                   |  1- 3 |  4- 6 |  7- 9 || total
-------------------------+-------+-------+-------++-------
Melee: Long sword        |    82 |    46 |    70 ||   198
       Tailslap          |     7 |     6 |     8 ||    21
       Kick              |       |    17 |    18 ||    35
       Headbutt          |       |       |    13 ||    13
 Fire: Sling             |    88 |   131 |    45 ||   264
Evoke: Wand              |       |       |     2 ||     2
  Use: Potion            |     5 |     3 |     2 ||    10
       Scroll            |     7 |     5 |     6 ||    18
Armor: Scale mail        |    64 |    71 |    42 ||   177
Dodge: Dodged            |    43 |    56 |    36 ||   135
Block: Buckler           |    30 |    32 |    25 ||    87

Table legend: (Time is in decaauts)
 A = Elapsed time spent in this place.
 B = Non-inter-level travel time spent in this place.
 C = Inter-level travel time spent in this place.
 D = Time resting spent in this place.
 E = Time spent auto-exploring this place.
 F = Levels seen in this place.
 G = Mean time per level.
                   A        B        C        D        E       F      G
               +--------+--------+--------+--------+--------+-----+--------+
         Total |   6156 |   5856 |    300 |    158 |   4548 |   8 |  769.5 |
       Dungeon |   6005 |   5729 |    276 |    158 |   4443 |   7 |  857.9 |
        Temple |    150 |    126 |     24 |      0 |    105 |   1 |  150.0 |
               +--------+--------+--------+--------+--------+-----+--------+

Top non-repeatable levels by time:
     D:6: 1377 daAuts
     D:4: 1138 daAuts
     D:5: 1024 daAuts
     D:3: 884 daAuts
     D:1: 795 daAuts
     D:2: 667 daAuts
  Temple: 150 daAuts
     D:7: 117 daAuts
